Get step-by-step instructions on how to execute this build order below. Start the game timer, and the build order will tick by so you can play in parallel with StarCraft on a second screen or mobile device.

Game Time

  0:00

Last Step

  N/A

Next Step

  12  0:00  SCV  

Upcoming Step

  13  0:13  SCV  

Don't want to look back and forth between 2 screens? Try out our Overwolf App, the Spawning Tool Build Advisor to get an in-game overlay with this build!

Complete Build Order

  12  0:00  SCV  
  13  0:13  SCV  
  14  0:18  Supply Depot  
  14  0:25  SCV  
  15  0:39  SCV  
  15  0:41  Barracks  
  16  0:46  Refinery  
  16  0:51  SCV  
  17  1:04  SCV  
  18  1:16  SCV  
  19  1:28  Orbital Command  
  19  1:29  Reaper  
  20  1:45  Command Center  
  20  1:54  Supply Depot  
  20  1:56  SCV  
  21  2:01  Marine  
  21  2:08  SCV  
  23  2:17  Factory  
  23  2:20  SCV  
  24  2:23  Refinery  
  24  2:24  Barracks Reactor  
  24  2:32  SCV  
  25  2:44  SCV  
  26  2:56  SCV  
  25  3:02  Marine x2, Hellion  
  24  3:20  Marine  
  24  3:23  Hellion  
  24  3:33  Marine  
  24  3:34  SCV  
  19  3:46  SCV